 Dungeon Crawl Stone Soup version 0.20.1-1-g8b1a95d (webtiles) character file.

343 gobwax the Spear-Bearer (level 6, -9/44 HPs)
             Began as a Merfolk Skald on Sept 8, 2017.
             Mangled by a mummy (13 damage)
             ... in an ossuary.
             The game lasted 00:06:29 (3693 turns).

gobwax the Spear-Bearer (Merfolk Skald)             Turns: 3693, Time: 00:06:30

Health: -9/44      AC:  3    Str: 16    XL:     6   Next: 57%
Magic:  3/18       EV: 12    Int: 15    God:
Gold:   79         SH:  0    Dex: 13    Spells: 0/9 levels left

rFire    + . .     SeeInvis .   t - +0 trident
rCold    + . .     Gourm    .   (no shield)
rNeg     . . .     Faith    .   b - +0 leather armour
rPois    +         Spirit   .   (no helmet)
rElec    +         Reflect  .   (no cloak)
rCorr    +         Harm     .   (no gloves)
MR       .....                  (no boots)
Stlth    +.........             (no amulet)
Regen    0.2/turn               i - ring of wizardry
MPRegen  0.2/turn               e - ring of magical power

@: mighty, resistant, singing, very slightly contaminated
A: change form in water, swift swim, stealthy swim
a: no special abilities


You were in an ossuary.
You were not hungry.

You visited 1 branch of the dungeon, and saw 4 of its levels.
You also visited: Ossuary.

You collected 79 gold pieces.

Inventory:

Hand Weapons
 a - a +0 spear
 t - a +0 trident (weapon)
Armour
 b - a +0 leather armour (worn)
 m - a +0 robe of positive energy
Magical Staves
 j - an uncursed staff of cold
Jewellery
 e - a ring of magical power (right hand)
 h - an uncursed ring of protection from fire
 i - a ring of wizardry (left hand)
Scrolls
 k - a scroll of random uselessness {unknown}
 l - a scroll of enchant weapon {unknown}
 p - 2 scrolls of recharging
 q - 2 scrolls of identify
 s - a scroll of fog
 w - a scroll of teleportation
Potions
 g - a potion of curing
 n - a potion of might
Books
 c - a book of Battle

   Spells                             Type                      Level
   a - Infusion                       Charms                       1
   b - Shroud of Golubria             Charms/Translocation         2
   c - Song of Slaying                Charms                       2
   d - Spectral Weapon                Hexes/Charms                 3
   e - Regeneration                   Charms/Necromancy            3
Comestibles
 d - 5 bread rations
 f - a meat ration
 o - a chunk of flesh
 r - a royal jelly


   Skills:
 - Level 2.1 Fighting
 * Level 9.7 Polearms
 - Level 0.6 Armour
 - Level 2.6 Dodging
 - Level 2.0 Spellcasting
 - Level 3.2 Charms


You couldn't memorise any spells.
You knew the following spells:

 Your Spells              Type           Power        Failure   Level  Hunger
a - Infusion              Chrm           ##..         2%          1    #......
b - Song of Slaying       Chrm           ##......     4%          2    ###....
c - Regeneration          Chrm/Necr      #.........   16%         3    ###....
d - Spectral Weapon       Hex/Chrm       #.......     16%         3    ###....


Dungeon Overview and Level Annotations

Branches:
Dungeon (4/15)
 Temple: D:4-7

Altars:


Message History

The mummy misses you. The mummy barely misses you.
You puncture the mummy!
You destroy the mummy!
You barely miss the mummy. The mummy misses you.
You puncture the orc zombie!
You destroy the orc zombie!
You hit the mummy.
The mummy is lightly damaged.
The mummy hits you.
* * * LOW HITPOINT WARNING * * *
The mummy hits you.
* * * LOW HITPOINT WARNING * * *
You barely miss the mummy.
The mummy is lightly damaged.
The mummy hits you!
* * * LOW HITPOINT WARNING * * *
You barely miss the mummy.
The mummy is lightly damaged.
The mummy barely misses you. The mummy hits you!
You die...

...........
.........
........
......
#....#
#....#
#MM..#
#.@M.#
#....#
#....#
#....#
#....#
#.∩∩.#
######


You could see 3 mummies.

Vanquished Creatures
  A phantom (D:3)
  An ogre (D:4)
  An orc wizard (D:3)
  Terence (D:2)
  A mummy (Ossuary)
  An adder (D:3)
  An ooze (D:2)
  4 worms
  A dart slug (D:3)
  3 leopard geckos
  6 orcs
  2 ball pythons
  2 giant cockroaches
  A gnoll zombie (Ossuary)
  4 goblins
  5 hobgoblins
  4 jackals (D:2)
  6 bats
  2 frilled lizards
  2 hobgoblin zombies (Ossuary)
  A jackal skeleton (D:4)
  3 kobolds
  3 kobold zombies (Ossuary)
  2 orc zombies (Ossuary)
  10 rats
68 creatures vanquished.

Notes
Turn   | Place    | Note
-------+----------+-------------------------------------------
     0 | D:1      | gobwax the Merfolk Skald began the quest for the Orb.
     0 | D:1      | Reached XP level 1. HP: 16/16 MP: 3/3
   182 | D:1      | Reached skill level 4 in Polearms
   182 | D:1      | Reached XP level 2. HP: 13/22 MP: 1/5
   641 | D:1      | Learned a level 2 spell: Song of Slaying
  1036 | D:2      | Reached XP level 3. HP: 22/27 MP: 6/6
  1090 | D:2      | Reached skill level 5 in Polearms
  2099 | D:2      | Noticed Terence
  2109 | D:2      | Killed Terence
  2109 | D:2      | Reached skill level 6 in Polearms
  2109 | D:2      | Reached XP level 4. HP: 19/33 MP: 7/7
  2300 | D:3      | Noticed a phantom
  2355 | D:3      | Killed a phantom
  2355 | D:3      | Reached skill level 8 in Polearms
  2355 | D:3      | Reached XP level 5. HP: 19/38 MP: 8/8
  3144 | D:3      | Reached XP level 6. HP: 32/44 MP: 9/9
  3149 | D:3      | Learned a level 3 spell: Regeneration
  3493 | D:4      | Reached skill level 9 in Polearms
  3556 | D:4      | Found a sand-covered staircase.
  3650 | D:4      | Learned a level 3 spell: Spectral Weapon
  3652 | Ossuary  | Entered an ossuary
  3693 | Ossuary  | Mangled by a mummy

Skill      XL: |  1  2  3  4  5  6 |
---------------+-------------------+-----
Polearms       | 4 6 8 9 |  9.7
Fighting       | |  2.1
Armour         | |  0.6
Dodging        | |  2.6
Spellcasting   | |  2.0
Charms         | |  3.2

Action                   |  1- 3 |  4- 6 || total
-------------------------+-------+-------++-------
Melee: Spear             |   120 |    36 ||   156
       Trident           |       |   102 ||   102
 Cast: Infusion          |    13 |     7 ||    20
       Song of Slaying   |     2 |     4 ||     6
       Spectral Weapon   |       |     1 ||     1
  Use: Potion            |     2 |     3 ||     5
       Scroll            |       |     5 ||     5
 Stab: Sleeping          |     2 |     1 ||     3
  Eat: Chunk             |     3 |     6 ||     9
       Fruit             |       |     1 ||     1
Armor: Leather armour    |    22 |    21 ||    43
Dodge: Dodged            |    67 |    46 ||   113
